| TOP OF THE 1ST |
|
Kansas City Royals batting - Pitching for Chicago White Sox : LHP Stacy Hootentootin
|
|
Pitching: LHP Stacy Hootentootin
|
|
|
Batting: SHB Jose Pacheco
|
0-0: Ball 1-0: Foul Ball, location: 2F 1-1: Ground out 6-3 (Groundball, 56D, EV 106.9 MPH)
|
|
Batting: RHB Matt Belgard
|
0-0: Ball 1-0: SINGLE (Line Drive, 8LS, EV 102.5 MPH)
|
|
Batting: LHB Mike Meyerhoff
|
0-0: Called Strike Matt Belgard steals 2nd base (no throw) 0-1: Foul Ball, location: 2F 0-2: Strikes out swinging
|
|
Batting: RHB Mike Jaquez
|
0-0: TRIPLE (Flyball, 89XD, EV 91.2 MPH) Matt Belgard scores
|
|
Batting: LHB Roman Downey
|
0-0: Ball 1-0: Ball 2-0: Fly out, F7 (Flyball, 78M, EV 88.1 MPH)
|
| Top of the 1st over - 1 run, 2 hits, 0 errors, 1 left on base; Kansas City 1 - Chicago 0 |
| BOTTOM OF THE 1ST |
|
Chicago White Sox batting - Pitching for Kansas City Royals : LHP John Hall
|
|
Pitching: LHP John Hall
|
|
|
Batting: SHB Alfie Bungledorf
|
0-0: Called Strike 0-1: Foul Ball, location: 2F 0-2: Ball 1-2: Ball 2-2: Ball 3-2: Base on Balls
|
|
Batting: RHB Dieter Knoops
|
0-0: Ball Alfie Bungledorf is caught stealing 2nd base 2-4 1-0: Swinging Strike 1-1: Called Strike 1-2: Ball 2-2: Ball 3-2: Fly out, F7 (Flyball, 7D, EV 103.1 MPH)
|
|
Batting: RHB Joseph Disepolo
|
0-0: Ball 1-0: Ball 2-0: Fly out, F8 (Flyball, 8RD, EV 87.5 MPH)
|
| Bottom of the 1st over - 0 runs, 0 hits, 0 errors, 0 left on base; Kansas City 1 - Chicago 0 |
| TOP OF THE 2ND |
|
Kansas City Royals batting - Pitching for Chicago White Sox : LHP Stacy Hootentootin
|
|
Batting: SHB Gil Switzer
|
0-0: Ball 1-0: Ball 2-0: Called Strike 2-1: Ball 3-1: Swinging Strike 3-2: Strikes out swinging
|
|
Batting: RHB Adam Martin
|
0-0: Called Strike 0-1: Ball 1-1: Ball 2-1: Ball 3-1: Swinging Strike 3-2: Strikes out swinging
|
|
Batting: RHB Walt Cogswell
|
0-0: Ball 1-0: Foul Ball, location: 2F 1-1: Ball 2-1: Called Strike 2-2: Ball 3-2: Ground out 5-3 (Groundball, 56, EV 87.5 MPH)
|
| Top of the 2nd over - 0 runs, 0 hits, 0 errors, 0 left on base; Kansas City 1 - Chicago 0 |
| BOTTOM OF THE 2ND |
|
Chicago White Sox batting - Pitching for Kansas City Royals : LHP John Hall
|
|
Batting: RHB Leo Navarro
|
0-0: Ball 1-0: DOUBLE (Line Drive, 3D, EV 102.5 MPH)
|
|
Batting: SHB Marvin McAleer
|
0-0: Ball 1-0: Ball 2-0: Called Strike 2-1: Foul Ball, location: 2F 2-2: Foul Ball, location: 2F 2-2: SINGLE (Flyball, 7S, EV 85.0 MPH) Leo Navarro to third
|
|
Batting: RHB Rich Stinson
|
0-0: Ball 1-0: Swinging Strike 1-1: Swinging Strike 1-2: Strikes out swinging
|
|
Batting: RHB Dietmar Warmisch
|
0-0: Ball Marvin McAleer steals 2nd, throwing error, E2 Leo Navarro scores Marvin McAleer to third 1-0: Ball 2-0: Swinging Strike 2-1: Swinging Strike 2-2: Strikes out swinging
|
|
Batting: RHB Jon Solano
|
0-0: Ball 1-0: Foul Ball, location: 2F 1-1: Called Strike 1-2: Ball 2-2: SINGLE (Groundball, 56, EV 86.9 MPH) (infield hit) Marvin McAleer scores
|
|
Batting: RHB Brad Boals
|
0-0: Foul Ball, location: 2F 0-1: Ball 1-1: Fielders Choice at 2nd, U6 (Groundball, 6M, EV 91.2 MPH)
|
| Bottom of the 2nd over - 2 runs, 3 hits, 1 error, 1 left on base; Kansas City 1 - Chicago 2 |
| TOP OF THE 3RD |
|
Kansas City Royals batting - Pitching for Chicago White Sox : LHP Stacy Hootentootin
|
|
Batting: LHB Justin Rupert
|
0-0: Ball 1-0: Foul Ball, location: 2F 1-1: Ball 2-1: Foul Ball, location: 2F 2-2: Strikes out swinging
|
|
Batting: SHB Jose Pacheco
|
0-0: Called Strike 0-1: Foul Ball, location: 2F 0-2: Ball 1-2: Ball 2-2: Fly out, F9 (Flyball, 89M, EV 81.9 MPH)
|
|
Batting: RHB Matt Belgard
|
0-0: SINGLE (Line Drive, 89S, EV 106.9 MPH)
|
|
Batting: LHB Mike Meyerhoff
|
0-0: Foul Ball, location: 2F 0-1: Foul Ball, location: 2F 0-2: Ball 1-2: Fielders Choice at 2nd, 5-4 (Groundball, 56, EV 98.1 MPH)
|
| Top of the 3rd over - 0 runs, 1 hit, 0 errors, 1 left on base; Kansas City 1 - Chicago 2 |
| BOTTOM OF THE 3RD |
|
Chicago White Sox batting - Pitching for Kansas City Royals : LHP John Hall
|
|
Batting: SHB Alfie Bungledorf
|
0-0: Foul Ball, location: 2F 0-1: SOLO HOME RUN (Flyball, 7D, EV 102.5 MPH), Distance : 378 ft
|
|
Batting: RHB Dieter Knoops
|
0-0: Ball 1-0: Ball 2-0: Reached on error, E3 (Groundball, 34, EV 81.9 MPH)
|
|
Batting: RHB Joseph Disepolo
|
0-0: Ball 1-0: Ball 2-0: Ball 3-0: Base on Balls Dieter Knoops to second
|
|
Batting: RHB Leo Navarro
|
0-0: Ball 1-0: Called Strike 1-1: Foul Ball, location: 2F 1-2: Ball 2-2: Strikes out looking
|
|
Batting: SHB Marvin McAleer
|
0-0: Called Strike 0-1: Swinging Strike 0-2: Foul Ball, location: 2F 0-2: Ball 1-2: Ball 2-2: Strikes out swinging
|
|
Batting: RHB Rich Stinson
|
0-0: Swinging Strike 0-1: Foul Ball, location: 2F 0-2: Foul Ball, location: 2F 0-2: Ball 1-2: Ball 2-2: Strikes out swinging
|
| Bottom of the 3rd over - 1 run, 1 hit, 1 error, 2 left on base; Kansas City 1 - Chicago 3 |
| TOP OF THE 4TH |
|
Kansas City Royals batting - Pitching for Chicago White Sox : LHP Stacy Hootentootin
|
|
Batting: RHB Mike Jaquez
|
0-0: Ball 1-0: Foul Ball, location: 2F 1-1: Called Strike 1-2: SOLO HOME RUN (Flyball, 78XD, EV 101.2 MPH), Distance : 382 ft
|
|
Batting: LHB Roman Downey
|
0-0: Ball 1-0: DOUBLE (Line Drive, 7LM, EV 108.8 MPH)
|
|
Batting: SHB Gil Switzer
|
0-0: Ball 1-0: Swinging Strike 1-1: Foul Ball, location: 2F 1-2: Strikes out swinging
|
|
Batting: RHB Adam Martin
|
0-0: Swinging Strike 0-1: Ball 1-1: Fly out, F8 (Flyball, 8RXD, EV 96.9 MPH) Runner from 2nd tags up, SAFE at 3rd, no throw by CF
|
|
Batting: RHB Walt Cogswell
|
0-0: Called Strike 0-1: Foul Ball, location: 2F 0-2: Foul Ball, location: 2F 0-2: Foul Ball, location: 2F 0-2: Ball 1-2: Strikes out swinging
|
| Top of the 4th over - 1 run, 2 hits, 0 errors, 1 left on base; Kansas City 2 - Chicago 3 |
| BOTTOM OF THE 4TH |
|
Chicago White Sox batting - Pitching for Kansas City Royals : LHP John Hall
|
|
Batting: RHB Dietmar Warmisch
|
0-0: Fly out, F8 (Flyball, 89S, EV 87.5 MPH)
|
|
Batting: RHB Jon Solano
|
0-0: Called Strike 0-1: Called Strike 0-2: Ball 1-2: Ball 2-2: Ball 3-2: Strikes out swinging
|
|
Batting: RHB Brad Boals
|
0-0: Ball 1-0: DOUBLE (Line Drive, 7LD, EV 105.0 MPH)
|
|
Batting: SHB Alfie Bungledorf
|
0-0: Ball 1-0: Ball 2-0: SINGLE (Groundball, 4M, EV 98.1 MPH) Brad Boals to third Runner from 3rd tries for Home, SAFE, throw by CF to home
|
|
Batting: RHB Dieter Knoops
|
0-0: Called Strike 0-1: Foul Ball, location: 2F 0-2: Foul Ball, location: 2F 0-2: Strikes out swinging
|
| Bottom of the 4th over - 1 run, 2 hits, 0 errors, 1 left on base; Kansas City 2 - Chicago 4 |
| TOP OF THE 5TH |
|
Kansas City Royals batting - Pitching for Chicago White Sox : LHP Stacy Hootentootin
|
|
Batting: LHB Justin Rupert
|
0-0: Ball 1-0: Ground out 4-3 (Groundball, 4, EV 89.4 MPH)
|
|
Batting: SHB Jose Pacheco
|
0-0: Called Strike 0-1: Swinging Strike 0-2: Ball 1-2: Foul Ball, location: 2F 1-2: Ball 2-2: Foul Ball, location: 2F 2-2: Foul Ball, location: 2F 2-2: Ground out 6-3 (Groundball, 6, EV 85.0 MPH)
|
|
Batting: RHB Matt Belgard
|
0-0: Ball 1-0: Ball 2-0: Ball 3-0: Base on Balls
|
|
Batting: LHB Mike Meyerhoff
|
0-0: Ball Matt Belgard steals 2nd base 1-0: Called Strike 1-1: Foul Ball, location: 2F 1-2: Fly out, F9 (Flyball, 9D, EV 103.8 MPH)
|
| Top of the 5th over - 0 runs, 0 hits, 0 errors, 1 left on base; Kansas City 2 - Chicago 4 |
| BOTTOM OF THE 5TH |
|
Chicago White Sox batting - Pitching for Kansas City Royals : LHP John Hall
|
|
Batting: RHB Joseph Disepolo
|
0-0: Ball 1-0: Called Strike 1-1: Fly out, F8 (Flyball, 8RD, EV 98.8 MPH)
|
|
Batting: RHB Leo Navarro
|
0-0: Ball 1-0: Ball 2-0: Ball 3-0: Base on Balls
|
|
Batting: SHB Marvin McAleer
|
0-0: Ball 1-0: Called Strike 1-1: Ball 2-1: Swinging Strike 2-2: Strikes out swinging
|
|
Batting: RHB Rich Stinson
|
0-0: Swinging Strike 0-1: Ball 1-1: Ball 2-1: Foul Ball, location: 2F 2-2: Ball 3-2: DOUBLE (Line Drive, 8RD, EV 110.6 MPH) Leo Navarro to third Leo Navarro scores
|
|
Pitching: RHP Ken Hall
|
|
|
Batting: RHB Dietmar Warmisch
|
0-0: Ball 1-0: Called Strike 1-1: Reached via error on a dropped throw from SS, E3 (Groundball, 6S, EV 77.5 MPH) Rich Stinson to third
|
|
Batting: RHB Jon Solano
|
0-0: Ball 1-0: Ball 2-0: Called Strike 2-1: Ball 3-1: Called Strike 3-2: Base on Balls Dietmar Warmisch to second
|
|
Batting: RHB Brad Boals
|
0-0: Called Strike 0-1: Foul Ball, location: 2F 0-2: Foul Ball, location: 2F 0-2: Foul Ball, location: 2F 0-2: Ball 1-2: Fly out, F9 (Line Drive, 9, EV 93.8 MPH)
|
| Bottom of the 5th over - 1 run, 1 hit, 1 error, 3 left on base; Kansas City 2 - Chicago 5 |
| TOP OF THE 6TH |
|
Kansas City Royals batting - Pitching for Chicago White Sox : LHP Stacy Hootentootin
|
|
Batting: RHB Mike Jaquez
|
0-0: Foul Ball, location: 2F 0-1: Swinging Strike 0-2: Strikes out looking
|
|
Batting: LHB Roman Downey
|
0-0: Ball 1-0: Ball 2-0: Ball 3-0: Called Strike 3-1: Foul Ball, location: 2F 3-2: Foul Ball, location: 2F 3-2: Base on Balls
|
|
Batting: SHB Gil Switzer
|
0-0: Ball 1-0: Ball 2-0: SINGLE (Line Drive, 9S, EV 104.4 MPH) Roman Downey to second
|
|
Pitching: RHP Mike Willig
|
|
|
Batting: RHB Adam Martin
|
0-0: Called Strike 0-1: SINGLE (Groundball, 56D, EV 114.4 MPH) Roman Downey to third Gil Switzer to second
|
|
Batting: RHB Walt Cogswell
|
0-0: Ball 1-0: Ball 2-0: DOUBLE (Flyball, 78XD, EV 96.2 MPH) Roman Downey scores Gil Switzer scores Adam Martin to third
|
|
Batting: LHB Justin Rupert
|
0-0: Fly out, F8 (Flyball, 89D, EV 90.0 MPH)
|
|
Batting: SHB Jose Pacheco
|
0-0: Ball 1-0: Called Strike 1-1: DOUBLE (Flyball, 78XD, EV 95.0 MPH) Adam Martin scores Walt Cogswell scores
|
|
Batting: RHB Matt Belgard
|
0-0: Called Strike 0-1: Foul Ball, location: 2F 0-2: Ball 1-2: Strikes out swinging
|
| Top of the 6th over - 4 runs, 4 hits, 0 errors, 1 left on base; Kansas City 6 - Chicago 5 |
| BOTTOM OF THE 6TH |
|
Chicago White Sox batting - Pitching for Kansas City Royals : RHP Ken Hall
|
|
Batting: SHB Alfie Bungledorf
|
0-0: Ball 1-0: Foul Ball, location: 2F 1-1: Ball 2-1: Ball 3-1: Foul Ball, location: 2F 3-2: Base on Balls
|
|
Batting: RHB Dieter Knoops
|
0-0: Ball 1-0: Ball 2-0: Ball 3-0: Called Strike 3-1: Grounds into double play, 6-4-3 (Groundball, 6, EV 86.2 MPH)
|
|
Batting: RHB Joseph Disepolo
|
0-0: Swinging Strike 0-1: Fly out, F9 (Flyball, 9, EV 89.4 MPH)
|
| Bottom of the 6th over - 0 runs, 0 hits, 0 errors, 0 left on base; Kansas City 6 - Chicago 5 |
| TOP OF THE 7TH |
|
Kansas City Royals batting - Pitching for Chicago White Sox : RHP Mike Willig
|
|
Batting: LHB Mike Meyerhoff
|
0-0: Ball 1-0: Ball 2-0: Called Strike 2-1: Foul Ball, location: 2F 2-2: Strikes out swinging
|
|
Batting: RHB Mike Jaquez
|
0-0: Foul Ball, location: 2F 0-1: Ball 1-1: Ball 2-1: Fly out, F9 (Flyball, 9, EV 90.0 MPH)
|
|
Batting: LHB Roman Downey
|
0-0: Ball 1-0: Called Strike 1-1: Ball 2-1: DOUBLE (Line Drive, 5D, EV 95.0 MPH)
|
|
Pitching: LHP Rhett Beers
|
|
|
Batting: SHB Gil Switzer
|
0-0: Ground out 6-3 (Groundball, 6, EV 81.9 MPH)
|
| Top of the 7th over - 0 runs, 1 hit, 0 errors, 1 left on base; Kansas City 6 - Chicago 5 |
| BOTTOM OF THE 7TH |
|
Chicago White Sox batting - Pitching for Kansas City Royals : RHP Ken Hall
|
|
Batting: RHB Leo Navarro
|
0-0: Ball 1-0: Ball 2-0: Foul Ball, location: 2F 2-1: Ball 3-1: Swinging Strike 3-2: Base on Balls
|
|
Batting: SHB Marvin McAleer
|
0-0: Ball 1-0: Foul Ball, location: 2F 1-1: Called Strike 1-2: Ball 2-2: Ball 3-2: Strikes out swinging
|
|
Batting: RHB Rich Stinson
|
0-0: Fly out, F8 (Flyball, 8LXD, EV 105.0 MPH)
|
|
Batting: RHB Dietmar Warmisch
|
0-0: Ball 1-0: Ball 2-0: Foul Ball, location: 2F 2-1: SINGLE (Line Drive, 89S, EV 110.6 MPH) Leo Navarro to second
|
|
Batting: RHB Jon Solano
|
0-0: Called Strike 0-1: Called Strike 0-2: Foul Ball, location: 2F 0-2: Ball 1-2: Strikes out swinging
|
| Bottom of the 7th over - 0 runs, 1 hit, 0 errors, 2 left on base; Kansas City 6 - Chicago 5 |
| TOP OF THE 8TH |
|
Kansas City Royals batting - Pitching for Chicago White Sox : LHP Rhett Beers
|
|
Batting: RHB Adam Martin
|
0-0: Ball 1-0: Ball 2-0: Ball 3-0: Called Strike 3-1: Called Strike 3-2: Base on Balls
|
|
Batting: RHB Walt Cogswell
|
0-0: Ball 1-0: Ball 2-0: Sac Bunt to 25 - play at second, runner OUT! 5-6
|
|
Batting: LHB Justin Rupert
|
0-0: Foul Ball, location: 2F 0-1: Swinging Strike 0-2: Ball 1-2: Foul Ball, location: 2F 1-2: Strikes out looking
|
|
Batting: SHB Jose Pacheco
|
0-0: Ball 1-0: 2-RUN HOME RUN (Flyball, 7D, EV 95.0 MPH), Distance : 375 ft
|
|
Batting: RHB Matt Belgard
|
0-0: Swinging Strike 0-1: Ball 1-1: Swinging Strike 1-2: Strikes out swinging
|
| Top of the 8th over - 2 runs, 1 hit, 0 errors, 0 left on base; Kansas City 8 - Chicago 5 |
| BOTTOM OF THE 8TH |
|
Chicago White Sox batting - Pitching for Kansas City Royals : RHP Ken Hall
|
|
Pitching: RHP Joe Jordahl
|
|
|
Now at 2B: Matt Belgard
|
|
|
Now at 3B: Mikolas Markus
|
|
|
Batting: RHB Brad Boals
|
0-0: Fly out, F8 (Line Drive, 8LD, EV 95.0 MPH)
|
|
Batting: SHB Alfie Bungledorf
|
0-0: Ball 1-0: Called Strike 1-1: Called Strike 1-2: Ball 2-2: Ball 3-2: Foul Ball, location: 2F 3-2: Base on Balls
|
|
Batting: RHB Dieter Knoops
|
0-0: SINGLE (Line Drive, 8RS, EV 94.4 MPH) Alfie Bungledorf to second Throwing error, E8 Alfie Bungledorf scores Dieter Knoops to second
|
|
Batting: RHB Joseph Disepolo
|
0-0: Ball 1-0: Called Strike 1-1: Foul Ball, location: 2F 1-2: Hit by Pitch
|
|
Batting: RHB Leo Navarro
|
0-0: Ball 1-0: Called Strike 1-1: Ball 2-1: Foul Ball, location: 2F 2-2: SINGLE (Groundball, 6D, EV 108.1 MPH) Dieter Knoops to third Joseph Disepolo to second Runner from 3rd tries for Home, SAFE, throw by CF to home
|
|
Batting: SHB Marvin McAleer
|
0-0: Foul Ball, location: 2F 0-1: Swinging Strike 0-2: Strikes out swinging
|
|
Batting: RHB Rich Stinson
|
0-0: Swinging Strike 0-1: Foul Ball, location: 2F 0-2: Ball 1-2: Ball 2-2: Fly out, F3 (Popup, 34, EV 65.0 MPH)
|
| Bottom of the 8th over - 2 runs, 2 hits, 1 error, 2 left on base; Kansas City 8 - Chicago 7 |
| TOP OF THE 9TH |
|
Kansas City Royals batting - Pitching for Chicago White Sox : LHP Rhett Beers
|
|
Pitching: RHP Riso Profanter
|
|
|
Batting: LHB Mike Meyerhoff
|
0-0: Ball 1-0: Ball 2-0: Swinging Strike 2-1: Ball 3-1: Base on Balls
|
|
Batting: RHB Mikolas Markus
|
0-0: Swinging Strike 0-1: Ball 1-1: Ball 2-1: Called Strike 2-2: Strikes out swinging Mike Meyerhoff steals 2nd base Batter strikes out.
|
|
Batting: LHB Roman Downey
|
0-0: Intentional Walk
|
|
Batting: SHB Gil Switzer
|
0-0: Ball 1-0: Foul Ball, location: 2F 1-1: Ball 2-1: Ball 3-1: Swinging Strike 3-2: Strikes out swinging
|
|
Batting: RHB Adam Martin
|
0-0: Called Strike 0-1: 3-RUN HOME RUN (Flyball, 7D, EV 97.5 MPH), Distance : 358 ft
|
|
Pitching: RHP Ryan Columbo
|
|
|
Batting: RHB Walt Cogswell
|
0-0: Ground out 5-3 (Groundball, 56S, EV 82.5 MPH)
|
| Top of the 9th over - 3 runs, 1 hit, 0 errors, 0 left on base; Kansas City 11 - Chicago 7 |
| BOTTOM OF THE 9TH |
|
Chicago White Sox batting - Pitching for Kansas City Royals : RHP Joe Jordahl
|
|
Pitching: RHP Josh Moncada
|
|
|
Batting: RHB Dietmar Warmisch
|
0-0: SINGLE (Groundball, 6MD, EV 99.4 MPH)
|
|
Batting: RHB Jon Solano
|
0-0: Ball 1-0: Grounds into double play, 6-4-3 (Groundball, 6, EV 79.4 MPH)
|
|
Batting: RHB Brad Boals
|
0-0: Called Strike 0-1: Ball 1-1: Called Strike 1-2: Strikes out looking
|
| Bottom of the 9th over - 0 runs, 1 hit, 0 errors, 0 left on base; Kansas City 11 - Chicago 7 |
|